Workbook

Sheet ORÇAMENTO
A1: _
D3: UNIVERSIDADE ESTADUAL DO NORTE DO PARANÁ
D4: CNPJ: 08.885.100/0001-54 | L4: BDI | M4: =BDI!F28 -> 0.2668
D5: SERVIÇO: ADEQUAÇÕES DA REDE ELÉTRICAS DO CJ - MEDIA TENSÃO | L5: BDI DIF | M5: 0.1635
D6: Local: Campus Jacarezinho - Centro de Ciências da Saúde | L6: Total s/BDI | M6: =SUM(L14,L17,L78) -> 123767.27
L7: Total c/BDI | M7: =SUM(N13:N437) -> 152642.19 | S7: 5476830
A11: ITEM | B11: RESUMO | C11: CÓDIGO | D11: DESCRIÇÃO DOS SERVIÇOS | E11: UN | F11: QTD | G11: UNITÁRIO (SEM BDI) | J11: TOTAL (Valores sem BDI) | M11: VALOR TOTAL C/ BDI
G12: MATERIAL + EQ | H12: MÃO DE OBRA | I12: TOTAL | J12: MATERIAL | K12: MÃO DE OBRA | L12: TOTAL
A14: 1 | B14: ACOMPANHAMENTO TÉCNICO | J14: =SUM(J15) -> 184.5 | K14: =SUM(K15) -> 11580.3 | L14: =SUM(L15) -> 11764.8 | M14: =SUM(M15) -> 14903.649 | N14: =M14 -> 14903.649
A15: 1.1 | B15: ACOMPANHAMENTO TÉCNICO | C15: 90778 | D15: ENGENHEIRO CIVIL DE OBRA PLENO COM ENCARGOS COMPLEMENTARES | E15: H | F15: 90 | G15: 2.05 | H15: 128.67 | I15: =G15+H15 -> 130.72 | J15: =G15*F15 -> 184.5 | K15: =H15*F15 -> 11580.3 | L15: =J15+K15 -> 11764.8 | M15: =L15*(1+$M$4) -> 14903.649
A17: 2 | B17: POSTE TRANSFORMADOR/ACESSORIOS | J17: =SUM(J18:J77) -> 87829.188 | K17: =SUM(K18:K77) -> 8385.0144 | L17: =SUM(L18:L77) -> 96214.202 | M17: =SUM(M18:M77) -> 117737.97 | N17: =M17 -> 117737.97
A18: 2.1 | B18: ELETRODUTO DE FERRO GALVANIZADO 4" X 6M - MODELO CPFL | C18: 04228/ORSE | D18: ELETRODUTO EM FERRO GALVANIZADO PESADO SEM COSTURA 4" X 3M | E18: UN | F18: 8 | G18: 509.73 | H18: 26.23 | I18: =G18+H18 -> 535.96 | J18: =G18*F18 -> 4077.84 | K18: =H18*F18 -> 209.84 | L18: =J18+K18 -> 4287.68 | M18: =L18*(1+$M$4) -> 5431.633
A19: 2.2 | B19: ARAME GALVANIZADO 14 | C19: 000344-I ADAPT | D19: ARAME GALVANIZADO 16 BWG, D = 1,65MM (0,0166 KG/M) | E19: KG | F19: 3 | G19: 34.77 | H19: 0 | I19: =G19+H19 -> 34.77 | J19: =G19*F19 -> 104.31 | K19: =H19*F19 -> 0 | L19: =J19+K19 -> 104.31 | M19: =L19*(1+$M$4) -> 132.13991
A20: 2.3 | B20: CABO 16 MM² 15KV - MODELO CPFL | C20: 09508/ORSE ADAPT | D20: CABO DE COBRE ISOLADO EPR, FLEXIVEL, 35MM², 8,7/15KV / 90º C (EPROTENAX OU SIMILAR) | E20: M | F20: 18 | G20: 74.54 | H20: 7.33 | I20: =G20+H20 -> 81.87 | J20: =G20*F20 -> 1341.72 | K20: =H20*F20 -> 131.94 | L20: =J20+K20 -> 1473.66 | M20: =L20*(1+$M$4) -> 1866.8325
A21: 2.4 | B21: CABO COBRE 185 MM² EPR 90° 0,6/1KV - AZUL - PADRÃO CPFL | C21: 92998 | D21: CABO DE COBRE FLEXÍVEL ISOLADO, 185 MM², ANTI-CHAMA 0,6/1,0 KV, PARA REDE ENTERRADA DE DISTRIBUIÇÃO DE ENERGIA ELÉTRICA - FORNECIMENTO E INSTALAÇÃO. AF_12/2021 | E21: M | F21: 15 | G21: 182.21 | H21: 9.97 | I21: =G21+H21 -> 192.18 | J21: =G21*F21 -> 2733.15 | K21: =H21*F21 -> 149.55 | L21: =J21+K21 -> 2882.7 | M21: =L21*(1+$M$4) -> 3651.8044
A22: 2.5 | B22: CABO COBRE 185 MM² EPR 90° 0,6/1KV - PRETO- PADRÃO CPFL | C22: 92998 | D22: CABO DE COBRE FLEXÍVEL ISOLADO, 185 MM², ANTI-CHAMA 0,6/1,0 KV, PARA REDE ENTERRADA DE DISTRIBUIÇÃO DE ENERGIA ELÉTRICA - FORNECIMENTO E INSTALAÇÃO. AF_12/2021 | E22: M | F22: 40 | G22: 182.21 | H22: 9.97 | I22: =G22+H22 -> 192.18 | J22: =G22*F22 -> 7288.4 | K22: =H22*F22 -> 398.8 | L22: =J22+K22 -> 7687.2 | M22: =L22*(1+$M$4) -> 9738.145
A23: 2.6 | B23: CABO COBRE FLEXÍVEL #25 MM - VERDE - PADRÃO CPFL | C23: 101889 | D23: CABO DE COBRE ISOLADO, 25 MM², ANTI-CHAMA 0,6/1 KV, INSTALADO EM ELETROCALHA OU PERFILADO - FORNECIMENTO E INSTALAÇÃO. AF_10/2020 | E23: M | F23: 15 | G23: 24.77 | H23: 0.58 | I23: =G23+H23 -> 25.35 | J23: =G23*F23 -> 371.55 | K23: =H23*F23 -> 8.7 | L23: =J23+K23 -> 380.25 | M23: =L23*(1+$M$4) -> 481.7007
A24: 2.7 | B24: CABO COBRE NÚ #50MM - PADRÃO CPFL | C24: 96974 | D24: CORDOALHA DE COBRE NU 50 MM², NÃO ENTERRADA, COM ISOLADOR - FORNECIMENTO E INSTALAÇÃO. AF_08/2023 | E24: M | F24: 160 | G24: 71.86 | H24: 23.28 | I24: =G24+H24 -> 95.14 | J24: =G24*F24 -> 11497.6 | K24: =H24*F24 -> 3724.8 | L24: =J24+K24 -> 15222.4 | M24: =L24*(1+$M$4) -> 19283.736
A25: 2.8 | B25: CABO DE COBRE #1,5MM² - PADRÃO CPFL | C25: 91925 | D25: CABO DE COBRE FLEXÍVEL ISOLADO, 1,5 MM², ANTI-CHAMA 0,6/1,0 KV, PARA CIRCUITOS TERMINAIS - FORNECIMENTO E INSTALAÇÃO. AF_03/2023 | E25: M | F25: 100 | G25: 2.74 | H25: 1.1 | I25: =G25+H25 -> 3.84 | J25: =G25*F25 -> 274 | K25: =H25*F25 -> 110 | L25: =J25+K25 -> 384 | M25: =L25*(1+$M$4) -> 486.4512
A26: 2.9 | B26: CABO DE COBRE #2,5MM² - PADRÃO CPFL | C26: 91927 | D26: CABO DE COBRE FLEXÍVEL ISOLADO, 2,5 MM², ANTI-CHAMA 0,6/1,0 KV, PARA CIRCUITOS TERMINAIS - FORNECIMENTO E INSTALAÇÃO. AF_03/2023 | E26: M | F26: 100 | G26: 3.75 | H26: 1.39 | I26: =G26+H26 -> 5.14 | J26: =G26*F26 -> 375 | K26: =H26*F26 -> 139 | L26: =J26+K26 -> 514 | M26: =L26*(1+$M$4) -> 651.1352
A27: 2.10 | B27: CABO COBRE FLEXÍVEL #25 MM - PADRÃO CPFL | C27: 101889 | D27: CABO DE COBRE ISOLADO, 25 MM², ANTI-CHAMA 0,6/1 KV, INSTALADO EM ELETROCALHA OU PERFILADO - FORNECIMENTO E INSTALAÇÃO. AF_10/2020 | E27: M | F27: 15 | G27: 2.74 | H27: 1.1 | I27: =G27+H27 -> 3.84 | J27: =G27*F27 -> 41.1 | K27: =H27*F27 -> 16.5 | L27: =J27+K27 -> 57.6 | M27: =L27*(1+$M$4) -> 72.96768
A28: 2.11 | B28: ELETRODUTO CORRUGADO 1" | C28: 91860 - adapt | D28: ELETRODUTO FLEXÍVEL CORRUGADO, PEAD, DN 40MM (1"), PARA CIRCUITOS TERMINAIS, INSTALADO EM PAREDE - FORNECIMENTO E INSTALAÇÃO. AF_03/2023 | E28: M | F28: 50 | G28: 7.95 | H28: 7.78 | I28: =G28+H28 -> 15.73 | J28: =G28*F28 -> 397.5 | K28: =H28*F28 -> 389 | L28: =J28+K28 -> 786.5 | M28: =L28*(1+$M$4) -> 996.3382
A29: 2.12 | B29: FIO PARALELO 2X1,5M | C29: 00417/ORSE | D29: FIO FLEXÍVEL 2 X 1,5MM2 (PARALELO OU TORCIDO) | E29: M | F29: 100 | G29: 4.32 | H29: 4.19 | I29: =G29+H29 -> 8.51 | J29: =G29*F29 -> 432 | K29: =H29*F29 -> 419 | L29: =J29+K29 -> 851 | M29: =L29*(1+$M$4) -> 1078.0468
... A35: 2.19 | B35: CABEÇOTE 4" - PADRÃO CPFL | C35: 03998/ORSE | D35: CABEÇOTE DE ALUMÍNIO DE 4" - FORNECIMENTO | E35: UN | F35: 1 | G35: 39.72 | H35: 5.33 | I35: =G35+H35 -> 45.05 | J35: =G35*F35 -> 39.72 | K35: =H35*F35 -> 5.33 | L35: =J35+K35 -> 45.05 | M35: =L35*(1+$M$4) -> 57.06934
A36: 2.20 | B36: CAIXA DE MEDIÇÃO E PROTEÇÃO CPFL - 1800X1600X400MM | C36: REF. 01 | D36: CAIXA DE MEDIÇÃO INDIRETA EM ALUMÍNIO - FORNECIMENTO | E36: UN | F36: 1 | G36: =COMPOSIÇÕES!J14 -> 2692.3638 | H36: =COMPOSIÇÕES!K14 -> 67.512656 | I36: =G36+H36 -> 2759.8765 | J36: =G36*F36 -> 2692.3638 | K36: =H36*F36 -> 67.512656 | L36: =J36+K36 -> 2759.8765 | M36: =L36*(1+$M$4) -> 3496.2116
A37: 2.21 | B37: CHAVE FUSÍVEL 15KV - PADRÃO CPFL | C37: REF. 02 | D37: FORNECIMENTO DE CHAVE FUSÍVEL 15KV - 100A, RUPTURA ASSIM. 10 KA | E37: UN | F37: 1 | G37: =COMPOSIÇÕES!J19 -> 408.62 | H37: =COMPOSIÇÕES!K19 -> 44.32 | I37: =G37+H37 -> 452.94 | J37: =G37*F37 -> 408.62 | K37: =H37*F37 -> 44.32 | L37: =J37+K37 -> 452.94 | M37: =L37*(1+$M$4) -> 573.78439
A38: 2.22 | B38: CINTA P/ POSTE CIRCULAR TIPO B, AÇO CARBONO GALVANIZADO A FOGO | C38: 000420-I | D38: CINTA CIRCULAR EM ACO GALVANIZADO DE 150 MM DE DIAMETRO PARA FIXACAO DE CAIXA MEDICAO, INCLUI PARAFUSOS E PORCAS | E38: UN | F38: 5 | G38: 24.54 | H38: 0 | I38: =G38+H38 -> 24.54 | J38: =G38*F38 -> 122.7 | K38: =H38*F38 -> 0 | L38: =J38+K38 -> 122.7 | M38: =L38*(1+$M$4) -> 155.43636
A39: 2.23 | B39: CONDULETE 1" | C39: 95780 | D39: CONDULETE DE ALUMÍNIO, TIPO B, PARA ELETRODUTO DE AÇO GALVANIZADO DN 25 MM (1''), APARENTE - FORNECIMENTO E INSTALAÇÃO. AF_10/2022 | E39: UN | F39: 8 | G39: 23.81 | H39: 12.17 | I39: =G39+H39 -> 35.98 | J39: =G39*F39 -> 190.48 | K39: =H39*F39 -> 97.36 | L39: =J39+K39 -> 287.84 | M39: =L39*(1+$M$4) -> 364.63571
A40: 2.24 | B40: CONECTOR CN-12 | C40: 04152/ORSE | D40: CONECTOR CUNHA 4 X 4/0 AWG CAA, FORNECIMENTO | E40: UN | F40: 6 | G40: 37.52 | H40: 0 | I40: =G40+H40 -> 37.52 | J40: =G40*F40 -> 225.12 | K40: =H40*F40 -> 0 | L40: =J40+K40 -> 225.12 | M40: =L40*(1+$M$4) -> 285.18202
A41: 2.25 | B41: CONECTOR DERIVAÇÃO PARALELO ESTANHADO C/ 1 PARAFUSO - PADRÃO CPFL | C41: 104751 | D41: CONECTOR GRAMPO PARALELO METÁLICO, PARA SPDA, PARA CABOS DE 6 A 50 MM2 - FORNECIMENTO E INSTALAÇÃO. AF_08/2023 | E41: UN | F41: 35 | G41: 13.58 | H41: 8.84 | I41: =G41+H41 -> 22.42 | J41: =G41*F41 -> 475.3 | K41: =H41*F41 -> 309.4 | L41: =J41+K41 -> 784.7 | M41: =L41*(1+$M$4) -> 994.05796
A42: 2.26 | B42: CONECTOR DERIVAÇÃO TIPO ESTRIBO A COMPRESSÃO DE ALUMÍNIO - PADRÃO CPFL | C42: 04138/ORSE | D42: CONECTOR ESTRIBO PRESSÃO PARA CABO AL 4 CAA, FORNECIMENTO | E42: UN | F42: 15 | G42: 18.47 | H42: 0 | I42: =G42+H42 -> 18.47 | J42: =G42*F42 -> 277.05 | K42: =H42*F42 -> 0 | L42: =J42+K42 -> 277.05 | M42: =L42*(1+$M$4) -> 350.96694
A43: 2.27 | B43: CONECTOR UNIDUT 1" | C43: 11969/ORSE | D43: LUVA SEM ROSCA UNIDUT Ø=1 " C- PB | E43: UN | F43: 16 | G43: 5.79 | H43: 1.75 | I43: =G43+H43 -> 7.54 | J43: =G43*F43 -> 92.64 | K43: =H43*F43 -> 28 | L43: =J43+K43 -> 120.64 | M43: =L43*(1+$M$4) -> 152.82675
A44: 2.28 | B44: CONJUTO 2X4 1T | C44: 007528-I | D44: TOMADA 2P+T 10A, 250V, CONJUNTO MONTADO PARA EMBUTIR 4" X 2" (PLACA + SUPORTE + MODULO) | E44: UN | F44: 4 | G44: 10.18 | H44: 0 | I44: =G44+H44 -> 10.18 | J44: =G44*F44 -> 40.72 | K44: =H44*F44 -> 0 | L44: =J44+K44 -> 40.72 | M44: =L44*(1+$M$4) -> 51.584096
A45: 2.29 | B45: CRUZETA POLIMÉRICA - PADRÃO CPFL | C45: 04141/ORSE | D45: CRUZETA DE CONCRETO TIPO T 2400 MM 400 KGF, FORNECIMENTO | E45: UN | F45: 2 | G45: 286 | H45: 0 | I45: =G45+H45 -> 286 | J45: =G45*F45 -> 572 | K45: =H45*F45 -> 0 | L45: =J45+K45 -> 572 | M45: =L45*(1+$M$4) -> 724.6096
A46: 2.30 | B46: CURVA PVC 180° 1.1/4" - PADRÃO CPFL | C46: 91922 | D46: CURVA 180 GRAUS PARA ELETRODUTO, PVC, ROSCÁVEL, DN 40 MM (1 1/4"), PARA CIRCUITOS TERMINAIS, INSTALADA EM PAREDE - FORNECIMENTO E INSTALAÇÃO. AF_03/2023 | E46: UN | F46: 1 | G46: 17.03 | H46: 17.12 | I46: =G46+H46 -> 34.15 | J46: =G46*F46 -> 17.03 | K46: =H46*F46 -> 17.12 | L46: =J46+K46 -> 34.15 | M46: =L46*(1+$M$4) -> 43.26122
A47: 2.31 | B47: CURVA 90° AÇO ZINCADO A QUENTE - 4" - PADRÃO CPFL | C47: 97453 - adaptado | D47: CURVA 90 GRAUS, EM AÇO, CONEXÃO SOLDADA, DN 50 (2"), INSTALADO EM PRUMADAS - FORNECIMENTO E INSTALAÇÃO. AF_10/2020 | E47: UN | F47: 4 | G47: 149.27 | H47: 56.79 | I47: =G47+H47 -> 206.06 | J47: =G47*F47 -> 597.08 | K47: =H47*F47 -> 227.16 | L47: =J47+K47 -> 824.24 | M47: =L47*(1+$M$4) -> 1044.1472
A48: 2.32 | B48: DISJUNTOR CAIXA MOLDADA 800A - PADRÃO CPFL | C48: 101900 | D48: DISJUNTOR BAIXA TENSÃO TRIPOLAR A SECO 800A/600V - FORNECIMENTO E INSTALAÇÃO. AF_10/2020 | E48: UN | F48: 1 | G48: 4801.8 | H48: 65.22 | I48: =G48+H48 -> 4867.02 | J48: =G48*F48 -> 4801.8 | K48: =H48*F48 -> 65.22 | L48: =J48+K48 -> 4867.02 | M48: =L48*(1+$M$4) -> 6165.5409
A49: 2.33 | B49: DISJUNTOR TIPO MINI BIPOLAR CURVA C - 2A | C49: 93674 | D49: DISJUNTOR BIPOLAR TIPO NEMA, CORRENTE NOMINAL DE 10 ATÉ 50A - FORNECIMENTO E INSTALAÇÃO. AF_10/2020 | E49: UN | F49: 1 | G49: 71.69 | H49: 6.49 | I49: =G49+H49 -> 78.18 | J49: =G49*F49 -> 71.69 | K49: =H49*F49 -> 6.49 | L49: =J49+K49 -> 78.18 | M49: =L49*(1+$M$4) -> 99.038424
... A59: 2.43 | B59: GRAMPO DE LINHA VIVA - GED 941 - PADRÃO CPFL | C59: 02885/ORSE | D59: FORNECIMENTO DE GRAMPO DE LINHA VIVA 6 A 250 MCM, RAMAL 8 A 2/0 AWG | E59: UN | F59: 3 | G59: 50 | H59: 0 | I59: =G59+H59 -> 50 | J59: =G59*F59 -> 150 | K59: =H59*F59 -> 0 | L59: =J59+K59 -> 150 | M59: =L59*(1+$M$4) -> 190.02
A60: 2.44 | B60: HASTE TERRA 3/16" X 2,40M C/ CONCETOR - PADRÃO CPFL | C60: REF. 03 | D60: HASTE DE ATERRAMENTO EM ACO GALVANIZADO TIPO CANTONEIRA COM 2,00 M DE COMPRIMENTO, 25 X 25 MM E CHAPA DE 3/16 | E60: UN | F60: 20 | G60: =COMPOSIÇÕES!J24 -> 68.455208 | H60: =COMPOSIÇÕES!K24 -> 11.009088 | I60: =G60+H60 -> 79.464296 | J60: =G60*F60 -> 1369.1042 | K60: =H60*F60 -> 220.18176 | L60: =J60+K60 -> 1589.2859 | M60: =L60*(1+$M$4) -> 2013.3074
A61: 2.45 | B61: MÃO DE OBRA DO ATERRAMENTO | C61: 96986-Adaptado | D61: HASTE DE ATERRAMENTO, DIÂMETRO 5/8", COM 3 METROS - FORNECIMENTO E INSTALAÇÃO. AF_08/2023 | E61: UN | F61: 20 | G61: 0 | H61: 12.08 | I61: =G61+H61 -> 12.08 | J61: =G61*F61 -> 0 | K61: =H61*F61 -> 241.6 | L61: =J61+K61 -> 241.6 | M61: =L61*(1+$M$4) -> 306.05888
A62: 2.46 | B62: ISOLADOR DE ANCORAGEM POLIMÉRICO 15KV - PADRÃO CPFL | C62: 03066/ORSE | D62: FORNECIMENTO DE ISOLADOR DE DISCO POLIMÉRICO 15 KV | E62: UN | F62: 3 | G62: 79 | H62: 0 | I62: =G62+H62 -> 79 | J62: =G62*F62 -> 237 | K62: =H62*F62 -> 0 | L62: =J62+K62 -> 237 | M62: =L62*(1+$M$4) -> 300.2316
A63: 2.47 | B63: LUMINÁRIA PONTA DE PIVO COM LÂMPADA | C63: 97609 | D63: LÂMPADA COMPACTA DE LED 6 W, BASE E27 - FORNECIMENTO E INSTALAÇÃO. AF_09/2024 | E63: UN | F63: 1 | G63: 9.76 | H63: 5.44 | I63: =G63+H63 -> 15.2 | J63: =G63*F63 -> 9.76 | K63: =H63*F63 -> 5.44 | L63: =J63+K63 -> 15.2 | M63: =L63*(1+$M$4) -> 19.25536
A64: 2.48 | B64: MANILHA SAPATILHA EM FERRO FUNDIDO GALVANIZADO A FOGO | C64: 04136/ORSE | D64: MANILHA SAPATILHA PREFORMADA, FORNECIMENTO | E64: UN | F64: 6 | G64: 18.7 | H64: 0 | I64: =G64+H64 -> 18.7 | J64: =G64*F64 -> 112.2 | K64: =H64*F64 -> 0 | L64: =J64+K64 -> 112.2 | M64: =L64*(1+$M$4) -> 142.13496
A65: 2.49 | B65: MÃO FRANCESA 619MM (3 UNID); 993MM (4 UNID) | C65: 100862 | D65: SUPORTE MÃO FRANCESA EM ACO, ABAS IGUAIS 40 CM, CAPACIDADE MINIMA 70 KG, BRANCO - FORNECIMENTO E INSTALAÇÃO. AF_01/2020 | E65: UN | F65: 9 | G65: 26.14 | H65: 15.35 | I65: =G65+H65 -> 41.49 | J65: =G65*F65 -> 235.26 | K65: =H65*F65 -> 138.15 | L65: =J65+K65 -> 373.41 | M65: =L65*(1+$M$4) -> 473.03579
A66: 2.50 | B66: MASSA CALAFETAR 500G | C66: 004823-I | D66: MASSA PLASTICA PARA MARMORE/GRANITO | E66: KG | F66: 0.5 | G66: 35.12 | H66: 0 | I66: =G66+H66 -> 35.12 | J66: =G66*F66 -> 17.56 | K66: =H66*F66 -> 0 | L66: =J66+K66 -> 17.56 | M66: =L66*(1+$M$4) -> 22.245008
A67: 2.51 | B67: CONJUNTO BUCHA/ARRUELA 4" - PADRÃO CPFL | C67: 11765/ORSE | D67: ARRUELA DE ALUMÍNIO P/ ELETRODUTO D=4" | E67: UN | F67: 2 | G67: 10.42 | H67: 0.35 | I67: =G67+H67 -> 10.77 | J67: =G67*F67 -> 20.84 | K67: =H67*F67 -> 0.7 | L67: =J67+K67 -> 21.54 | M67: =L67*(1+$M$4) -> 27.286872
A68: 2.52 | B68: PAR DE CINTA 200, 210, 230 | C68: 000420-I | D68: CINTA CIRCULAR EM ACO GALVANIZADO DE 150 MM DE DIAMETRO PARA FIXACAO DE CAIXA MEDICAO, INCLUI PARAFUSOS E PORCAS | E68: UN | F68: 3 | G68: 24.54 | H68: 0 | I68: =G68+H68 -> 24.54 | J68: =G68*F68 -> 73.62 | K68: =H68*F68 -> 0 | L68: =J68+K68 -> 73.62 | M68: =L68*(1+$M$4) -> 93.261816
A69: 2.53 | B69: PARA-RAIO, INVÓLUCRO POLIMÉRICO, A ÓXIDOS METÁLICOS, SE CENTELHAR, DESLIGADOR AUTOMÁTICO, TENSÃO NOM. DE 12KV CORRENTE DE DESCARGA NOM. 10KA. | C69: REF. 04 | D69: FORNECIMENTO DE PÁRA-RAIO DE DISTRIBUIÇÃO POLIMÉRICO 12KV, C/ DESLIGAMENTO AUTOMÁTICO, RESIST. NÃO LINEAR | E69: UN | F69: 3 | G69: =COMPOSIÇÕES!J29 -> 286.62 | H69: =COMPOSIÇÕES!K29 -> 44.32 | I69: =G69+H69 -> 330.94 | J69: =G69*F69 -> 859.86 | K69: =H69*F69 -> 132.96 | L69: =J69+K69 -> 992.82 | M69: =L69*(1+$M$4) -> 1257.7044
A70: 2.54 | B70: CONJUNTO BUCHA/ARRUELA 1" - PADRÃO CPFL | C70: 00344/ORSE | D70: BUCHA COM ARRUELA EM LIGA ESPECIAL ZAMAK P/ELETRODUTO 25MM, D=1" | E70: UN | F70: 2 | G70: 1.31 | H70: 0.35 | I70: =G70+H70 -> 1.66 | J70: =G70*F70 -> 2.62 | K70: =H70*F70 -> 0.7 | L70: =J70+K70 -> 3.32 | M70: =L70*(1+$M$4) -> 4.205776
A71: 2.55 | B71: PERFIL U | C71: 13073/ORSE | D71: PERFIL U DOBRADO DE CHAPA UDC SIMPLES- 100 X 50 X 3 MM COM SOLDA | E71: m | F71: 1 | G71: 55.24 | H71: 5.83 | I71: =G71+H71 -> 61.07 | J71: =G71*F71 -> 55.24 | K71: =H71*F71 -> 5.83 | L71: =J71+K71 -> 61.07 | M71: =L71*(1+$M$4) -> 77.363476
A72: 2.56 | B72: PORCA OLHAL - PADRÃO CPFL | C72: 02934/ORSE | D72: FORNECIMENTO DE PORCA OLHAL | E72: UN | F72: 4 | G72: 20.43 | H72: 0 | I72: =G72+H72 -> 20.43 | J72: =G72*F72 -> 81.72 | K72: =H72*F72 -> 0 | L72: =J72+K72 -> 81.72 | M72: =L72*(1+$M$4) -> 103.5229
A73: 2.57 | B73: POSTE CIRCULAR 12X1000 CONCRETO - PADRÃO CPFL | C73: REF. 05 | D73: POSTE CIRCULAR DE CONCRETO 11/1000 - FORNECIMENTO | E73: UN | F73: 1 | G73: =COMPOSIÇÕES!J34 -> 3339.27 | H73: =COMPOSIÇÕES!K34 -> 163.95 | I73: =G73+H73 -> 3503.22 | J73: =G73*F73 -> 3339.27 | K73: =H73*F73 -> 163.95 | L73: =J73+K73 -> 3503.22 | M73: =L73*(1+$M$4) -> 4437.8791
A74: 2.58 | B74: REDE COMPACTA PARA ANCORAGEM SIMPLES - 15KV - ESTRUTURA CE3 | C74: 101549 | D74: GRAMPO PARALELO METÁLICO, PARA REDES AÉREAS DE DISTRIBUIÇÃO DE ENERGIA ELÉTRICA DE BAIXA TENSÃO - FORNECIMENTO E INSTALAÇÃO. AF_07/2020 | E74: UN | F74: 1 | G74: 12.34 | H74: 5.88 | I74: =G74+H74 -> 18.22 | J74: =G74*F74 -> 12.34 | K74: =H74*F74 -> 5.88 | L74: =J74+K74 -> 18.22 | M74: =L74*(1+$M$4) -> 23.081096
A75: 2.59 | B75: TERMINAL DE COMPRESSÃO | C75: 07933/ORSE | D75: TERMINAL DE COMPRESSÃO PARA CABO DE 240 MM2 - FORNECIMENTO E INSTALAÇÃO | E75: un | F75: 13 | G75: 40.1 | H75: 0.63 | I75: =G75+H75 -> 40.73 | J75: =G75*F75 -> 521.3 | K75: =H75*F75 -> 8.19 | L75: =J75+K75 -> 529.49 | M75: =L75*(1+$M$4) -> 670.75793
A76: 2.60 | B76: TRANSFORMADOR 300KVA /13,8/13,2/12,6/12/11,4KV 200/127V - PADRÃO CPFL | C76: 102108 | D76: TRANSFORMADOR DE DISTRIBUIÇÃO, 300 KVA, TRIFÁSICO, 60 HZ, CLASSE 15 KV, IMERSO EM ÓLEO MINERAL, INSTALAÇÃO EM POSTE (NÃO INCLUSO SUPORTE) - FORNECIMENTO E INSTALAÇÃO. AF_12/2020 | E76: un | F76: 1 | G76: 39615.53 | H76: 521.79 | I76: =G76+H76 -> 40137.32 | J76: =G76*F76 -> 39615.53 | K76: =H76*F76 -> 521.79 | L76: =J76+K76 -> 40137.32 | M76: =L76*(1+$M$5) -> 46699.772
A77: 2.61 | B77: LUVA GALVANIZADA 1" | C77: 104448 | D77: LUVA DE EMENDA PARA ELETRODUTO, AÇO GALVANIZADO, DN 25 MM (1''), APARENTE - FORNECIMENTO E INSTALAÇÃO. AF_10/2022 | E77: un | F77: 4 | G77: 93.92 | H77: 6.03 | I77: =G77+H77 -> 99.95 | J77: =G77*F77 -> 375.68 | K77: =H77*F77 -> 24.12 | L77: =J77+K77 -> 399.8 | M77: =L77*(1+$M$4) -> 506.46664
A78: 3 | B78: ADEQUAÇÃO PADRÃO DE ENTRADA | J78: =J79+J85 -> 11316.497 | K78: =K79+K85 -> 4471.7699 | L78: =L79+L85 -> 15788.266 | M78: =M79+M85 -> 20000.576 | N78: =M78 -> 20000.576
A79: 45660 | D79: DEMOLIÇÃO | J79: =SUM(J80:J84) -> 723.2183 | K79: =SUM(K80:K84) -> 1745.2452 | L79: =SUM(L80:L84) -> 2468.4635 | M79: =SUM(M80:M84) -> 3127.0496
A80: 3.1.1 | B80: DEMOLIÇÃO BASE EM ALVENARIA | C80: 97621 | D80: DEMOLIÇÃO DE ALVENARIA DE BLOCO FURADO, DE FORMA MANUAL, SEM REAPROVEITAMENTO. AF_09/2023 | E80: M³ | F80: 5.75 | G80: 44.62 | H80: 100.12 | I80: =G80+H80 -> 144.74 | J80: =G80*F80 -> 256.565 | K80: =H80*F80 -> 575.69 | L80: =J80+K80 -> 832.255 | M80: =L80*(1+$M$4) -> 1054.3006
A81: 3.1.2 | B81: DEMOLIÇÃO DE ESTRUTURA | C81: 97626 | D81: DEMOLIÇÃO DE PILARES E VIGAS EM CONTRETO ARMADO, DE FORMA MANUAL, SEM REAPROVEITAMENTO | E81: M³ | F81: 1.12 | G81: 218.57 | H81: 490.37 | I81: =G81+H81 -> 708.94 | J81: =G81*F81 -> 244.7984 | K81: =H81*F81 -> 549.2144 | L81: =J81+K81 -> 794.0128 | M81: =L81*(1+$M$4) -> 1005.8554
A82: 3.1.3 | B82: REMOÇÃO DE CERCA E MOURÕES | C82: 104800 | D82: REMOÇÃO DE CERCA E MOURÕES, DE FORMA MANUAL, SEM REAPROVEITAMENTO. AF_09/2023 | E82: M² | F82: 1.57 | G82: 3.27 | H82: 8.34 | I82: =G82+H82 -> 11.61 | J82: =G82*F82 -> 5.1339 | K82: =H82*F82 -> 13.0938 | L82: =J82+K82 -> 18.2277 | M82: =L82*(1+$M$4) -> 23.09085
A83: 3.1.4 | B83: REMOÇÃO DE ALAMBRADO | C83: 104801 | D83: REMOÇÃO DE ALAMBRADOS PARA QUADRAS POLIESPORTIVAS, EESTRUTURADO POR TUBOS DE AÇO GALVANZADO, COM TELA DE ARAME GALVANIZADO, DE FORMA MANUAL, SEM REAPROVEITAMENTO. AF_09/2023 | E83: M² | F83: 36.7 | G83: 4.99 | H83: 12.65 | I83: =G83+H83 -> 17.64 | J83: =G83*F83 -> 183.133 | K83: =H83*F83 -> 464.255 | L83: =J83+K83 -> 647.388 | M83: =L83*(1+$M$4) -> 820.11112
A84: 3.1.5 | B84: ENTULHO | C84: 00026/ORSE | D84: COLETA E CARGA MANUAIS DE ENTULHO | E84: M³ | F84: 10.8 | G84: 3.11 | H84: 13.24 | I84: =G84+H84 -> 16.35 | J84: =G84*F84 -> 33.588 | K84: =H84*F84 -> 142.992 | L84: =J84+K84 -> 176.58 | M84: =L84*(1+$M$4) -> 223.69154
A85: 3.2 | D85: CONSTRUÇÃO | J85: =SUM(J86:J98) -> 10593.278 | K85: =SUM(K86:K98) -> 2726.5247 | L85: =SUM(L86:L98) -> 13319.803 | M85: =SUM(M86:M98) -> 16873.526
A86: 3.2.1 | B86: BASE EM CONCRETO | C86: 94971 | D86: CONCRETO FCK = 25MPA, TRAÇO 1:2,3:2,7 (EM MASSA SECA DE CIMENTO/ AREIA MÉDIA/ BRITA 1) - PREPARO MECÂNICO COM BETONEIRA 600 L. AF_05/2021 | E86: M³ | F86: =0.33*3.4 -> 1.122 | G86: 398.73 | H86: 68.77 | I86: =G86+H86 -> 467.5 | J86: =G86*F86 -> 447.37506 | K86: =H86*F86 -> 77.15994 | L86: =J86+K86 -> 524.535 | M86: =L86*(1+$M$4) -> 664.48094
A87: 3.2.2 | B87: TRAVAMENTO EM CONCRETO ARMADO | C87: 103669 | D87: CONCRETAGEM DE PILARES, FCK = 25 MPA, COM USO DE BALDES - LANÇAMENTO, ADENSAMENTO E ACABAMENTO. AF_02/2022 | E87: M³ | F87: =2*2*0.2*0.3 -> 0.24 | G87: 681.5 | H87: 270.85 | I87: =G87+H87 -> 952.35 | J87: =G87*F87 -> 163.56 | K87: =H87*F87 -> 65.004 | L87: =J87+K87 -> 228.564 | M87: =L87*(1+$M$4) -> 289.54488
A88: 3.2.3 | B88: TRAVAMENTO EM CONCRETO ARMADO ARMADURA | C88: 104108 | D88: ARMAÇÃO DE PILAR OU VIGA DE ESTRUTURA DE CONCRETO ARMADO EMBUTIDA EM ALVENARIA DE VEDAÇÃO UTILIZANDO AÇO CA-50 DE 10,0 MM - MONTAGEM. AF_06/2022 | E88: KG | F88: =2*4*2*0.62 -> 9.92 | G88: 10.19 | H88: 3.11 | I88: =G88+H88 -> 13.3 | J88: =G88*F88 -> 101.0848 | K88: =H88*F88 -> 30.8512 | L88: =J88+K88 -> 131.936 | M88: =L88*(1+$M$4) -> 167.13652
A89: 3.2.4 | B89: TRAVAMENTO EM CONCRETO ARMADO ESTRIBOS | C89: 104110 | D89: ARMAÇÃO DE PILAR OU VIGA DE ESTRUTURA DE CONCRETO ARMADO EMBUTIDA EM ALVENARIA DE VEDAÇÃO UTILIZANDO AÇO CA-50 DE 5,0 MM - MONTAGEM. AF_06/2022 | E89: KG | F89: =(400/20)*(0.24+0.24+0.14+0.14+0.06)*0.16 -> 2.624 | G89: 11.88 | H89: 7.64 | I89: =G89+H89 -> 19.52 | J89: =G89*F89 -> 31.17312 | K89: =H89*F89 -> 20.04736 | L89: =J89+K89 -> 51.22048 | M89: =L89*(1+$M$4) -> 64.886104
A90: 3.2.5 | B90: TRAVAMENTO EM CONCRETO ARMADO | C90: 92269 | D90: FABRICAÇÃO DE FÔRMA PARA PILARES E ESTRUTURAS SIMILARES, EM MADEIRA SERRADA, E=25 MM. AF_09/2020 | E90: M² | F90: =2*2*(0.2+0.3+0.2+0.3) -> 4 | G90: 94.65 | H90: 25.75 | I90: =G90+H90 -> 120.4 | J90: =G90*F90 -> 378.6 | K90: =H90*F90 -> 103 | L90: =J90+K90 -> 481.6 | M90: =L90*(1+$M$4) -> 610.09088
A91: 3.2.6 | B91: ALVENARIA DE 1.1/2 VEZ - 30 CM | C91: 103334 | D91: ALVENARIA DE VEDAÇÃO DE BLOCOS CERÂMICOS FURADOS NA HORIZONTAL DE 14X9X19 CM (BLOCO DEITADO) E ARGAMASSA DE ASSENTAMENTO COM PREPARO EM BETONEIRA. AF_12/2021 | E91: M² | F91: =1.69*3.4 -> 5.746 | G91: 75.93 | H91: 83.86 | I91: =G91+H91 -> 159.79 | J91: =G91*F91 -> 436.29378 | K91: =H91*F91 -> 481.85956 | L91: =J91+K91 -> 918.15334 | M91: =L91*(1+$M$4) -> 1163.1167
A92: 3.2.7 | B92: CHAPISCO | C92: 87878 | D92: CHAPISCO APLICADO EM ALVENARIAS E ESTRUTURAS DE CONCRETO INTERNAS, COM COLHER DE PEDREIRO. ARGAMASSA TRAÇO 1:3 COM PREPARO MANUAL. AF_06/2014 | E92: M² | F92: =F91+F91+F95+F95 -> 16.092 | G92: 2.57 | H92: 2.97 | I92: =G92+H92 -> 5.54 | J92: =G92*F92 -> 41.35644 | K92: =H92*F92 -> 47.79324 | L92: =J92+K92 -> 89.14968 | M92: =L92*(1+$M$4) -> 112.93481
A93: 3.2.8 | B93: REBOCO | C93: 87530 | D93: MASSA ÚNICA, PARA RECEBIMENTO DE PINTURA, EM ARGAMASSA TRAÇO 1:2:8, PREPARO MANUAL, APLICADA MANUALMENTE EM FACES INTERNAS DE PAREDES, ESPESSURA DE 20MM, COM EXECUÇÃO DE TALISCAS. AF_06/2014 | E93: M² | F93: 17.88 | G93: 20.81 | H93: 22.89 | I93: =G93+H93 -> 43.7 | J93: =G93*F93 -> 372.0828 | K93: =H93*F93 -> 409.2732 | L93: =J93+K93 -> 781.356 | M93: =L93*(1+$M$4) -> 989.82178
A94: 3.2.9 | B94: PINTURA | C94: 95626 | D94: APLICAÇÃO MANUAL DE TINTA LÁTEX ACRÍLICA EM PAREDE EXTERNAS DE CASAS, DUAS DEMÃOS. AF_11/2016 | E94: M² | F94: 17.88 | G94: 8.88 | H94: 8.32 | I94: =G94+H94 -> 17.2 | J94: =G94*F94 -> 158.7744 | K94: =H94*F94 -> 148.7616 | L94: =J94+K94 -> 307.536 | M94: =L94*(1+$M$4) -> 389.5866
A95: 3.2.10 | B95: COBERTURA PROTEÇÃO | C95: 101964 | D95: LAJE PRÉ-MOLDADA UNIDIRECIONAL, BIAPOIADA, PARA FORRO, ENCHIMENTO EM CERÂMICA, VIGOTA CONVENCIONAL, ALTURA TOTAL DA LAJE (ENCHIMENTO+CAPA) = (8+3). AF_11/2020 | E95: M² | F95: 2.3 | G95: 143.17 | H95: 32.41 | I95: =G95+H95 -> 175.58 | J95: =G95*F95 -> 329.291 | K95: =H95*F95 -> 74.543 | L95: =J95+K95 -> 403.834 | M95: =L95*(1+$M$4) -> 511.57691
A96: 3.2.11 | B96: IMPERM. | C96: 98555 | D96: IMPERMEABILIZAÇÃO DE SUPERFÍCIE COM ARGAMASSA POLIMÉRICA / MEMBRANA ACRÍLICA, 3 DEMÃOS. AF_06/2018 | E96: M² | F96: 2.3 | G96: 17 | H96: 18.41 | I96: =G96+H96 -> 35.41 | J96: =G96*F96 -> 39.1 | K96: =H96*F96 -> 42.343 | L96: =J96+K96 -> 81.443 | M96: =L96*(1+$M$4) -> 103.17199
A97: 3.2.12 | B97: ALAMBRADO | C97: 08281/ORSE | D97: ALAMBRADO COM TELA DE ARAME GALVANIZADO FIO 12 BWG, MALHA 2", COM REVESTIMENTO, FIXADA COM ESTACAS DE CONCRETO ARMADO 10X10X300 CM (PONTA VIRADA) A CADA 2.00 M, ALTURA ÚTIL 2.20 M, INCLUSIVE FUNDAÇÃO | E97: M | F97: 20 | G97: 368.43 | H97: 47.9 | I97: =G97+H97 -> 416.33 | J97: =G97*F97 -> 7368.6 | K97: =H97*F97 -> 958 | L97: =J97+K97 -> 8326.6 | M97: =L97*(1+$M$4) -> 10548.137
A98: 3.2.13 | B98: PORTÃO | C98: 10891/ORSE | D98: PORTÃO DE ABRIR, 2 FOLHAS, COM QUADRO EM TUBO GALVANIZADO 2", COM BARRA QUADRADA DE 3/4" NA VERTICAL E ESTICADOR REDONDO DE 3/4", INCLUSIVE FECHADURA E DOBRADIÇAS | E98: M² | F98: 1.89 | G98: 384.12 | H98: 141.74 | I98: =G98+H98 -> 525.86 | J98: =G98*F98 -> 725.9868 | K98: =H98*F98 -> 267.8886 | L98: =J98+K98 -> 993.8754 | M98: =L98*(1+$M$4) -> 1259.0414

Sheet COMPOSIÇÕES
D3: UNIVERSIDADE ESTADUAL DO NORTE DO PARANÁ
D4: CNPJ: 08.885.100/0001-54
D5: SERVIÇO: ADEQUAÇÕES DA REDE ELÉTRICAS DO CJ - MEDIA TENSÃO
D6: Local: Campus Jacarezinho - Centro de Ciências da Saúde
A11: ITEM | B11: RESUMO | C11: CÓDIGO | D11: DESCRIÇÃO DOS SERVIÇOS | E11: UN | F11: QTD | G11: UNITÁRIO (SEM BDI) | J11: TOTAL (Valores sem BDI)
G12: MATERIAL + EQ | H12: MÃO DE OBRA | I12: TOTAL | J12: MATERIAL | K12: MÃO DE OBRA | L12: TOTAL
A14: REF.1 | B14: CAIXA DE MEDIÇÃO E PROTEÇÃO CPFL - 1800X1600X400MM | E14: UN | J14: =SUM(J15:J17) -> 2692.3638 | K14: =SUM(K15:K17) -> 67.512656 | L14: =SUM(L15:L17) -> 2759.8765
A15: 1.1 | B15: CAIXA DE MEDIÇÃO INDIRETA EM ALUMÍNIO - FORNECIMENTO | C15: 03981/ORSE | D15: CAIXA DE MEDIÇÃO INDIRETA EM ALUMÍNIO - FORNECIMENTO | E15: UN | F15: 1 | G15: 2664 | H15: 0 | I15: =G15+H15 -> 2664 | J15: =F15*G15 -> 2664 | K15: =F15*H15 -> 0 | L15: =F15*I15 -> 2664
A16: 1.2 | B16: ELETRICISTA | C16: 88264 | D16: ELETRICISTA COM ENCARGOS COMPLEMENTARES | E16: H | F16: 1.5233 | G16: 9.31 | H16: 25.1 | I16: =G16+H16 -> 34.41 | J16: =F16*G16 -> 14.181923 | K16: =F16*H16 -> 38.23483 | L16: =F16*I16 -> 52.416753
A17: 1.3 | B17: AUXILIAR DE ELETRICISTA | C17: 88247 | D17: AUXILIAR DE ELETRICISTA COM ENCARGOS COMPLEMENTARES | E17: H | F17: 1.5233 | G17: 9.31 | H17: 19.22 | I17: =G17+H17 -> 28.53 | J17: =F17*G17 -> 14.181923 | K17: =F17*H17 -> 29.277826 | L17: =F17*I17 -> 43.459749
A19: REF.2 | B19: CHAVE FUSÍVEL 15KV - PADRÃO CPFL | E19: UN | J19: =SUM(J20:J22) -> 408.62 | K19: =SUM(K20:K22) -> 44.32 | L19: =SUM(L20:L22) -> 452.94
A20: 1.1 | B20: CHAVE FUSÍVEL 15KV - PADRÃO CPFL | C20: 02858/ORSE | D20: FORNECIMENTO DE CHAVE FUSÍVEL 15KV - 100A, RUPTURA ASSIM. 10 KA | E20: UN | F20: 1 | G20: 390 | H20: 0 | I20: =G20+H20 -> 390 | J20: =F20*G20 -> 390 | K20: =F20*H20 -> 0 | L20: =F20*I20 -> 390
A21: 1.2 | B21: ELETRICISTA | C21: 88264 | D21: ELETRICISTA COM ENCARGOS COMPLEMENTARES | E21: H | F21: 1 | G21: 9.31 | H21: 25.1 | I21: =G21+H21 -> 34.41 | J21: =F21*G21 -> 9.31 | K21: =F21*H21 -> 25.1 | L21: =F21*I21 -> 34.41
A22: 1.3 | B22: AUXILIAR DE ELETRICISTA | C22: 88247 | D22: AUXILIAR DE ELETRICISTA COM ENCARGOS COMPLEMENTARES | E22: H | F22: 1 | G22: 9.31 | H22: 19.22 | I22: =G22+H22 -> 28.53 | J22: =F22*G22 -> 9.31 | K22: =F22*H22 -> 19.22 | L22: =F22*I22 -> 28.53
A24: REF.3 | B24: HASTE TERRA 3/16" X 2,40M C/ CONCETOR - PADRÃO CPFL | E24: UN | J24: =SUM(J25:J27) -> 68.455208 | K24: =SUM(K25:K27) -> 11.009088 | L24: =SUM(L25:L27) -> 79.464296
A25: 1.1 | B25: HASTE TERRA 3/16" X 2,40M C/ CONCETOR - PADRÃO CPFL | C25: 011991-i | D25: HASTE DE ATERRAMENTO EM ACO GALVANIZADO TIPO CANTONEIRA COM 2,00 M DE COMPRIMENTO, 25 X 25 MM E CHAPA DE 3/16 | E25: UN | F25: 1 | G25: 63.83 | H25: 0 | I25: =G25+H25 -> 63.83 | J25: =F25*G25 -> 63.83 | K25: =F25*H25 -> 0 | L25: =F25*I25 -> 63.83
A26: 1.2 | B26: ELETRICISTA | C26: 88264 | D26: ELETRICISTA COM ENCARGOS COMPLEMENTARES | E26: H | F26: 0.2484 | G26: 9.31 | H26: 25.1 | I26: =G26+H26 -> 34.41 | J26: =F26*G26 -> 2.312604 | K26: =F26*H26 -> 6.23484 | L26: =F26*I26 -> 8.547444
A27: 1.3 | B27: AUXILIAR DE ELETRICISTA | C27: 88247 | D27: AUXILIAR DE ELETRICISTA COM ENCARGOS COMPLEMENTARES | E27: H | F27: 0.2484 | G27: 9.31 | H27: 19.22 | I27: =G27+H27 -> 28.53 | J27: =F27*G27 -> 2.312604 | K27: =F27*H27 -> 4.774248 | L27: =F27*I27 -> 7.086852
A29: REF.4 | B29: PARA-RAIO, INVÓLUCRO POLIMÉRICO, A ÓXIDOS METÁLICOS, SE CENTELHAR, DESLIGADOR AUTOMÁTICO, TENSÃO NOM. DE 12KV CORRENTE DE DESCARGA NOM. 10KA. | E29: UN | J29: =SUM(J30:J32) -> 286.62 | K29: =SUM(K30:K32) -> 44.32 | L29: =SUM(L30:L32) -> 330.94
A30: 1.1 | B30: PARA-RAIO, INVÓLUCRO POLIMÉRICO, A ÓXIDOS METÁLICOS, SE CENTELHAR, DESLIGADOR AUTOMÁTICO, TENSÃO NOM. DE 12KV CORRENTE DE DESCARGA NOM. 10KA. | C30: 02930/ORSE | D30: FORNECIMENTO DE PÁRA-RAIO DE DISTRIBUIÇÃO POLIMÉRICO 12KV, C/ DESLIGAMENTO AUTOMÁTICO, RESIST. NÃO LINEAR | E30: UN | F30: 1 | G30: 268 | H30: 0 | I30: =G30+H30 -> 268 | J30: =F30*G30 -> 268 | K30: =F30*H30 -> 0 | L30: =F30*I30 -> 268
A31: 1.2 | B31: ELETRICISTA | C31: 88264 | D31: ELETRICISTA COM ENCARGOS COMPLEMENTARES | E31: H | F31: 1 | G31: 9.31 | H31: 25.1 | I31: =G31+H31 -> 34.41 | J31: =F31*G31 -> 9.31 | K31: =F31*H31 -> 25.1 | L31: =F31*I31 -> 34.41
A32: 1.3 | B32: AUXILIAR DE ELETRICISTA | C32: 88247 | D32: AUXILIAR DE ELETRICISTA COM ENCARGOS COMPLEMENTARES | E32: H | F32: 1 | G32: 9.31 | H32: 19.22 | I32: =G32+H32 -> 28.53 | J32: =F32*G32 -> 9.31 | K32: =F32*H32 -> 19.22 | L32: =F32*I32 -> 28.53
A34: REF.5 | B34: POSTE CIRCULAR 12X1000 CONCRETO - PADRÃO CPFL | E34: UN | J34: =SUM(J35:J36) -> 3339.27 | K34: =SUM(K35:K36) -> 163.95 | L34: =SUM(L35:L36) -> 3503.22
A35: 1.1 | B35: POSTE CIRCULAR 12X1000 CONCRETO - PADRÃO CPFL | C35: 04122/ORSE | D35: POSTE CIRCULAR DE CONCRETO 11/1000 - FORNECIMENTO | E35: UN | F35: 1 | G35: 2781.27 | H35: 0 | I35: =G35+H35 -> 2781.27 | J35: =F35*G35 -> 2781.27 | K35: =F35*H35 -> 0 | L35: =F35*I35 -> 2781.27
A36: 1.2 | B36: ACESSENTAMENTO POSTE | C36: 100610 | D36: ASSENTAMENTO DE POSTE DE CONCRETO COM COMPRIMENTO NOMINAL DE 11 M, CARGA NOMINAL DE 300 DAN, ENGASTAMENTO BASE CONCRETADA COM 1 M DE CONCRETO E 0,7 M DE SOLO (NÃO INCLUI FORNECIMENTO). AF_11/2019 | E36: UN | F36: 1 | G36: 558 | H36: 163.95 | I36: =G36+H36 -> 721.95 | J36: =F36*G36 -> 558 | K36: =F36*H36 -> 163.95 | L36: =F36*I36 -> 721.95

Sheet CRONOGRAMA
C3: UNIVERSIDADE ESTADUAL DO NORTE DO PARANÁ
C4: CNPJ: 08.885.100/0001-54
C5: SERVIÇO: ADEQUAÇÕES DA REDE ELÉTRICAS DO CJ
C6: Local: Campus Jacarezinho - Centro de Ciências da Saúde
E10: 1 | F10: 30 | G10: 2 | H10: =F10+30 -> 60 | I10: 3 | J10: =H10+30 -> 90
A12: CRONOGRAMA FÍSICO- FINANCEIRO
B13: SERVIÇO/LOCAL | C13: Valores | D13: % | E13: 30 DIAS | G13: 60 DIAS | I13: 90 DIAS
E14: % | F14: R$ | G14: % | H14: R$ | I14: % | J14: R$
A15: 1 | B15: =VLOOKUP(A15,ORÇAMENTO!$A$2:$M$173,2,FALSE()) -> ACOMPANHAMENTO TÉCNICO | C15: =VLOOKUP(A15,ORÇAMENTO!$A$2:$M$173,13,FALSE()) -> 14903.649 | D15: =C15/$C$18 -> 0.097637806 | E15: 0.33 | F15: =IF(E15>0,E15*$C15," ") -> 4918.2041 | G15: 0.33 | H15: =IF(G15>0,G15*$C15," ") -> 4918.2041 | I15: 0.34 | J15: =IF(I15>0,I15*$C15," ") -> 5067.2405 | K15: =I15+G15+E15 -> 1
A16: 2 | B16: =VLOOKUP(A16,ORÇAMENTO!$A$2:$M$173,2,FALSE()) -> POSTE TRANSFORMADOR/ACESSORIOS | C16: =VLOOKUP(A16,ORÇAMENTO!$A$2:$M$173,13,FALSE()) -> 117737.97 | D16: =C16/$C$18 -> 0.77133305 | E16: 0.33 | F16: =IF(E16>0,E16*$C16," ") -> 38853.529 | G16: 0.33 | H16: =IF(G16>0,G16*$C16," ") -> 38853.529 | I16: 0.34 | J16: =IF(I16>0,I16*$C16," ") -> 40030.909 | K16: =I16+G16+E16 -> 1
A17: 3 | B17: =VLOOKUP(A17,ORÇAMENTO!$A$2:$M$173,2,FALSE()) -> ADEQUAÇÃO PADRÃO DE ENTRADA | C17: =VLOOKUP(A17,ORÇAMENTO!$A$2:$M$173,13,FALSE()) -> 20000.576 | D17: =C17/$C$18 -> 0.13102915 | E17: 0.33 | F17: =IF(E17>0,E17*$C17," ") -> 6600.19 | G17: 0.33 | H17: =IF(G17>0,G17*$C17," ") -> 6600.19 | I17: 0.34 | J17: =IF(I17>0,I17*$C17," ") -> 6800.1958 | K17: =I17+G17+E17 -> 1
B18: TOTAL | C18: =SUM(C15:C17) -> 152642.19 | D18: =C18/$C$18 -> 1 | F18: =IF(E18>0,E18*$C18," ") | H18: =IF(G18>0,G18*$C18," ") | J18: =IF(I18>0,I18*$C18," ")
B20: R$ parcial (valor período) | E20: =SUM(F15:F18) -> 50371.923 | G20: =SUM(H15:H18) -> 50371.923 | I20: =SUM(J15:J18) -> 51898.345
B21: %_parcial (período) | E21: =SUM(E20/$C$18) -> 0.33 | G21: =SUM(G20/$C$18) -> 0.33 | I21: =SUM(I20/$C$18) -> 0.34
B22: R$_ acumulado | E22: =E20 -> 50371.923 | G22: =E22+G20 -> 100743.85 | I22: =G22+I20 -> 152642.19
B23: %_acumulado | E23: =E21 -> 0.33 | G23: =E23+G21 -> 0.66 | I23: =G23+I21 -> 1
A25: NOTAS:
A27: A. A ÚLTIMA PARCELA DEVE OBRIGATORIAMENTE SER MAIOR QUE 11%
A28: B. O PRAZO MÁXIMO PARA EXECUÇÃO É DE 90 DIAS

Sheet BDI
E3: UNIVERSIDADE ESTADUAL DO NORTE DO PARANÁ
E4: CNPJ: 08.885.100/0001-54
E5: SERVIÇO: ADEQUAÇÕES DA REDE ELÉTRICAS DO CJ
E6: Local: Campus Jacarezinho - Centro de Ciências da Saúde
A11: COMPOSIÇÃO DO BDI
A12: CUSTO TOTAL DO SERVIÇO (R$)
A13: ITEM | B13: DISCRIMINAÇÃO | E13: VALOR | F13: TAXA (%) | G13: OBSERVAÇÃO | H13: SITUAÇÃO DO INTERVALO ADMISSÍVEL | I13: PARCELAS DO BDI (%)
I14: 1 QUARTIL | J14: MÉDIO | K14: 3 QUARTIL
A15: 1 | B15: AC – ADMINISTRAÇÃO CENTRAL | E15: - | F15: 0.03 | H15: =IF(AND(F15>=I15,F15<=K15),"OK","DIFERE") -> OK | I15: 0.03 | J15: 0.04 | K15: 0.055
A16: 2 | B16: SG – SEGUROS + GARANTIA | E16: - | F16: 0.008 | H16: =IF(AND(F16>=I16,F16<=K16),"OK","DIFERE") -> OK | I16: 0.008 | J16: 0.008 | K16: 0.01
A17: 3 | B17: R – RISCOS | E17: - | F17: 0.0097 | H17: =IF(AND(F17>=I17,F17<=K17),"OK","DIFERE") -> OK | I17: 0.0097 | J17: 0.0127 | K17: 0.0127
A18: 4 | B18: DF – DESPESAS FINANCEIRAS | E18: - | F18: 0.0059 | H18: =IF(AND(F18>=I18,F18<=K18),"OK","DIFERE") -> OK | I18: 0.0059 | J18: 0.0123 | K18: 0.0139
A19: 5 | B19: L – LUCRO BRUTO | E19: - | F19: 0.068 | H19: =IF(AND(F19>=I19,F19<=K19),"OK","DIFERE") -> OK | I19: 0.0616 | J19: 0.074 | K19: 0.0896
A20: 6 | B20: I – IMPOSTOS | E20: - | F20: =SUM(F21:F24) -> 0.1115 | G20: FÓRMULA DO BDI DE ACORDO COM ACÓRDÃO 2.369/2011-TCU- PLENÁRIO
A21: 43836 | B21: PIS | F21: 0.0065
A22: 43867 | B22: COFINS | F22: 0.03
A23: 43896 | B23: ISS (CONFORME LEGISLAÇÃO MUNICIPAL) | F23: 0.03
A24: 43927 | B24: CONTRIB. PREVIDÊNCIA SOBRE RECEITA BRUTA – CPRB | F24: 0.045
A26: TOTAL DO BDI (R$)
A27: PREÇO DE VENDA (R$) | G27: ONDE:
A28: BDI (%) | F28: =ROUND(((((1+(F15+F16+F17))*(1+F18)*(1+F19))/(1-F20))-1),4) -> 0.2668 | G28: AC : TAXA DE ADMINISTRAÇÃO CENTRAL
G29: S: TAXA DE SEGURO
A30: Parâmetros do Acórdão 2.622/2013 - Plenário | G30: G: TAXA DE GARANTIAS
A31: Sem CPRB | B31: 0.2034 | C31: 0.2212 | D31: 0.25 | G31: R: TAXA DE RISCOS
A32: Com CPRB | B32: 0.2601 | C32: 0.2787 | D32: 0.3089 | G32: DF: TAXA DE DESPESAS
G33: L: TAXA DE LUCRO
G34: I: TAXA DE INCIDÊNCIA DE IMPOSTOS (PIS, COFINS, ISS, CPRB)
A37: COMPOSIÇÃO DO BDI DIFERENCIADO
A38: CUSTO TOTAL DO SERVIÇO (R$)
A39: ITEM | B39: DISCRIMINAÇÃO | E39: VALOR | F39: TAXA (%) | G39: OBSERVAÇÃO | H39: SITUAÇÃO DO INTERVALO ADMISSÍVEL | I39: PARCELAS DO BDI (%)
I40: 1 QUARTIL | J40: MÉDIO | K40: 3 QUARTIL
A41: 1 | B41: AC – ADMINISTRAÇÃO CENTRAL | F41: 0.015 | H41: =IF(AND(F41>=I41,F41<=K41),"OK","DIFERE") -> OK | I41: 0.015 | J41: 0.0345 | K41: 0.0449
A42: 2 | B42: SG – SEGUROS + GARANTIA | F42: 0.003 | H42: =IF(AND(F42>=I42,F42<=K42),"OK","DIFERE") -> OK | I42: 0.003 | J42: 0.0048 | K42: 0.0082
A43: 3 | B43: R – RISCOS | F43: 0.0056 | H43: =IF(AND(F43>=I43,F43<=K43),"OK","DIFERE") -> OK | I43: 0.0056 | J43: 0.0085 | K43: 0.0089
A44: 4 | B44: DF – DESPESAS FINANCEIRAS | F44: 0.0085 | H44: =IF(AND(F44>=I44,F44<=K44),"OK","DIFERE") -> OK | I44: 0.0085 | J44: 0.0085 | K44: 0.0111
A45: 5 | B45: L – LUCRO BRUTO | F45: 0.0352 | H45: =IF(AND(F45>=I45,F45<=K45),"OK","DIFERE") -> OK | I45: 0.035 | J45: 0.0511 | K45: 0.0622
A46: 6 | B46: I – IMPOSTOS | F46: =SUM(F47:F50) -> 0.0815 | G46: FÓRMULA DO BDI DE ACORDO COM ACÓRDÃO 2.369/2011-TCU- PLENÁRIO
A47: 43836 | B47: PIS | F47: 0.0065
A48: 43867 | B48: COFINS | F48: 0.03
A49: 43896 | B49: ISS (CONFORME LEGISLAÇÃO MUNICIPAL) | F49: 0
A50: 43927 | B50: CONTRIB. PREVIDÊNCIA SOBRE RECEITA BRUTA – CPRB | F50: 0.045
A52: TOTAL DO BDI (R$)
A53: PREÇO DE VENDA (R$) | G53: ONDE:
A54: BDI (%) | F54: =ROUND((((1+(F41+F42+F43))*(1+F44)*(1+F45))/(1-F46))-1,4) -> 0.1635 | G54: AC : TAXA DE ADMINISTRAÇÃO CENTRAL
G55: S: TAXA DE SEGURO
A56: Parâmetros do Acórdão 2.622/2013 - Plenário | G56: G: TAXA DE GARANTIAS
A57: Sem CPRB | B57: 0.111 | C57: 0.1402 | D57: 0.168 | G57: R: TAXA DE RISCOS
A58: Com CPRB | B58: 0.1634 | C58: 0.1939 | D58: 0.223 | G58: DF: TAXA DE DESPESAS
G59: L: TAXA DE LUCRO
G60: I: TAXA DE INCIDÊNCIA DE IMPOSTOS (PIS, COFINS, ISS, CPRB)
A61: OBS: Para o BDI reduzido, considerou-se nulo o ISS e uma parcela reduzida para administração central e lucro para remunerar os custos inerentes às aquisições e armazenamento por parte da empresa contratada, por isso o valor da taxa de BDI é menor do que a que foi adotada para o restante do orçamento da obra.
